 Dungeon Crawl Stone Soup version 0.25-a0-1104-g1bb6b8da34 (webtiles) character file.

Game seed: 10013951294702513472, levelgen mode: deterministic

12622 Gumption the Grappler (level 11, -8/107 HPs)
             Began as a Troll Monk on May 14, 2020.
             Was the Champion of Kikubaaqudgha.
             Mangled by a ten-headed hydra (12 damage)
             ... on level 2 of the Lair of Beasts on May 16, 2020.
             The game lasted 01:59:53 (12528 turns).

Gumption the Grappler (Troll Monk)                 Turns: 12528, Time: 01:59:53

Health: -8/107     AC:  9    Str: 28    XL:     11   Next: 64%
Magic:  0/16       EV: 16    Int: 11    God:    Kikubaaqudgha [******]
Gold:   333        SH:  0    Dex:  9    Spells: 6/18 levels left

rFire    + . .     SeeInvis +     - Unarmed
rCold    . . .     Gourm    +   (no shield)
rNeg     . . .     Faith    .   L - +0 troll leather armour
rPois    +         Spirit   +   D - +0 hat of Gestures {rElec MR+ Str+3 Dex-3}
rElec    +         Reflect  .   I - +0 cloak (curse)
rCorr    +         Harm     .   (gloves unavailable)
MR       +....                  (boots unavailable)
Stlth    ++........             A - amulet of Vuysukha {Spirit rPois Int+3 SInv Stlth+}
HPRegen  1.07/turn              t - ring "Tisoluats" {+Fly rF+ rCorr Str+3}
MPRegen  0.15/turn              C - +4 ring of evasion

@: no status effects
A: large, unfitting armour, claws 3, fast metabolism 3, gourmand, regeneration
1, shaggy fur 1, tough skin 3
a: Receive Corpses, Torment, Brand Weapon With Pain, Receive Necronomicon,
Renounce Religion, Evoke Flight


You were on level 2 of the Lair of Beasts.
You worshipped Kikubaaqudgha.
Kikubaaqudgha was exalted by your worship.
You were very full.

You visited 3 branches of the dungeon, and saw 14 of its levels.

You collected 709 gold pieces.
You spent 376 gold pieces at shops.

Inventory:

Hand Weapons
 b - a +1 trident of electrocution
Missiles
 c - 439 stones
 k - 56 sling bullets
 l - 13 poisoned darts (quivered)
 o - 5 atropa-tipped darts
 u - 10 boomerangs
Armour
 a - a +0 robe
 w - a +1 kite shield
 z - a scarf of invisibility
 D - the +0 hat of Gestures (worn) {rElec MR+ Str+3 Dex-3}
   (You bought it in a shop on level 9 of the Dungeon)

   It affects your strength (+3).
   It affects your dexterity (-3).
   It insulates you from electricity.
   It affects your resistance to hostile enchantments.
 I - a cursed +0 cloak (worn)
 L - a +0 troll leather armour (worn)
 S - a +0 tower shield
Jewellery
 t - the ring "Tisoluats" (left claw) {+Fly rF+ rCorr Str+3}
   (You found it on level 7 of the Dungeon)

   [ring of resist corrosion]

   It affects your strength (+3).
   It protects you from fire.
   It lets you fly.
   It provides partial protection from all sources of acid and corrosion.
 x - an uncursed ring of ice
 A - the amulet of Vuysukha (around neck) {Spirit rPois Int+3 SInv Stlth+}
   (You acquired it on level 9 of the Dungeon)

   [amulet of guardian spirit]

   It causes incoming damage to be split between your health and magic.
   It affects your intelligence (+3).
   It protects you from poison.
   It lets you see invisible.
   It makes you more stealthy.
 C - a +4 ring of evasion (right claw)
 J - an uncursed ring of wizardry
 M - an uncursed ring of fire
Wands
 g - a wand of paralysis (7)
 j - a wand of digging (8)
 s - a wand of iceblast (17)
 T - a wand of flame (13)
Scrolls
 m - 2 scrolls of enchant weapon
 p - 7 scrolls of remove curse
 q - 4 scrolls of teleportation
 y - a scroll of magic mapping
 E - 3 scrolls of fear
 G - 4 scrolls of immolation
 K - a scroll of enchant armour
 N - 2 scrolls of holy word {unknown}
 R - a scroll of identify
Potions
 d - 3 potions of might
 f - 6 potions of curing
 h - 2 potions of cancellation
 i - 3 potions of heal wounds
 n - a potion of ambrosia
 r - a potion of mutation
 v - 2 potions of stabbing
 B - a potion of brilliance
 F - a potion of flight
 H - 2 potions of invisibility {unknown}
 O - a potion of haste
 P - a potion of lignification
 Q - a potion of berserk rage
Comestibles
 e - 25 rations


   Skills:
 + Level 6.5 Fighting
 + Level 6.5 Dodging
 - Level 1.0 Stealth
 - Level 0.2 Shields
 * Level 10.5 Unarmed Combat
 + Level 4.2 Spellcasting
 * Level 8.2 Necromancy
 + Level 1.4 Earth Magic


You had 6 spell levels left.
You knew the following spells:

 Your Spells              Type           Power        Failure   Level  Hunger
a - Pain                  Necr           ###.         1%          1    #......
b - Sublimation of Blood  Necr           ###.......   1%          2    ##.....
c - Dispel Undead         Necr           ###.....     9%          4    #####..
d - Borgnjor's Vile Clut  Necr/Erth      ##........   67%         5    ######.

Your spell library contained the following spells:

 Spells                   Type           Power        Failure   Level  Hunger
 Vampiric Draining        Necr           ###.......   2%          3    ###....
 Corpse Rot               Necr/Air       N/A          7%          2    ##.....
 Corona                   Hex            #......      26%         1    #......
 Sting                    Tmut/Pois      #...         26%         1    #......
 Ensorcelled Hibernation  Hex/Ice        #.....       36%         2    ##.....
 Poisonous Vapours        Pois/Air       #.....       36%         2    ##.....
 Confusing Touch          Hex            #.......     61%         3    ###....
 Dazzling Flash           Conj/Hex       #.....       61%         3    ###....
 Gell's Gravitas          Tloc           #.........   61%         3    ###....
 Ignite Poison            Fire/Tmut/Pois #.......     61%         3    ###....
 Mephitic Cloud           Conj/Pois/Air  #.......     61%         3    ###....
 Tukima's Dance           Hex            #.......     61%         3    ###....
 Excruciating Wounds      Chrm/Necr      ##........   78%         5    ######.
 Death Channel            Necr           ###.......   78%         6    #######
 Petrify                  Tmut/Erth      #.......     88%         4    #####..
 Olgreb's Toxic Radiance  Pois           #.......     95%         4    #####..
 Bolt of Magma            Conj/Fire/Erth #.........   99%         5    ######.
 Iskenderun's Battlesphe  Conj/Chrm      #.......     100%        5    ######.
 Metabolic Englaciation   Hex/Ice        #.........   100%        5    ######.
 Yara's Violent Unravell  Hex/Tmut       #.........   100%        5    ######.
 Iron Shot                Conj/Erth      #.........   100%        6    #######
 Simulacrum               Ice/Necr       ##........   100%        6    #######
 Orb of Destruction       Conj           #.........   100%        7    #######
 Spellforged Servitor     Conj/Summ      #.........   100%        7    #######


Dungeon Overview and Level Annotations

Branches:
Dungeon (11/15)            Temple (1/1) D:4            Lair (2/6) D:8
  Swamp: Lair:2-4    Shoals: Lair:2-4     Snake: Lair:2-4    Spider: Lair:2-4
    Orc: D:9-12

Altars:
Ashenzari
Cheibriados
Dithmenos
Elyvilon
Fedhas
Gozag
Hepliaklqana
Kikubaaqudgha
Makhleb
Nemelex Xobeh
Okawaru
Qazlal
Ru
Sif Muna
Trog
Uskayaw
Vehumet
Wu Jian
Xom
Yredelemnul
Zin
The Shining One

Shops:
D:9 [

Portals:
Trove: D:11 (give horn of Geryon)

Annotations:
D:2 Terence


Innate Abilities, Weirdness & Mutations

You are too large for most types of armour.
You have claws for hands.
Your metabolism is lightning-fast.
You like to eat raw meat.
Your natural rate of healing is unusually fast.
You are covered in fur. (AC +1)
You have extremely tough skin. (AC +3)


Message History

* * * LOW HITPOINT WARNING * * *
The ten-headed hydra bites you.
* * * LOW HITPOINT WARNING * * *
The ten-headed hydra bites you but does no damage.
The ten-headed hydra completely misses you.
The ten-headed hydra bites you!
* * * LOW HITPOINT WARNING * * *
The ten-headed hydra completely misses you.
The ten-headed hydra closely misses you.
The ten-headed hydra bites you but does no damage.
The ten-headed hydra bites you but does no damage. x3
The ten-headed hydra bites you.
* * * LOW HITPOINT WARNING * * *
The ten-headed hydra misses you.
The ten-headed hydra bites you but does no damage.
The ten-headed hydra bites you!
* * * LOW HITPOINT WARNING * * *
The ten-headed hydra misses you. The ten-headed hydra bites you!
You die...
Kikubaaqudgha rasps: "You have failed me!
Welcome... death!"

................. #...####
.................................
.................................
......................>..........
.................................
...........................######
###.#........PP# #..P......#P###P
....#.##......####.##....##....#.
#.....##.....##.@..##..........#.
#.....##.....#.D..........#......
#......#...........#.....#......#
#.....#.......#######............
......##......######.....PP#..#.#
#.....##...................P.P...
####..##...<.....................
#####..#....†....................
.................................


You could see a ten-headed hydra.

Vanquished Creatures
  A two-headed ogre (D:9)
  An ugly thing (D:10)
  2 spiny frogs (Lair:1)
  4 komodo dragons
  A troll (D:10)
  4 hippogriffs
  11 blink frogs
  A spriggan (D:8)
  10 yaks
  2 wyverns (D:10)
  2 basilisks (Lair:2)
  3 water moccasins
  3 porcupines (Lair:1)
  2 orc warriors (D:7)
  A black bear (D:6)
  An ice beast (D:10)
  A phantom (D:8)
  A sky beast (D:7)
  A necrophage (D:7)
  2 ogres
  4 crocodiles
  5 centaurs
  A big kobold (D:10)
  6 bullfrogs
  4 scorpions
  A water moccasin skeleton (D:9)
  3 wights (D:10)
  2 howler monkeys
  3 crimson imps
  A bullfrog zombie (D:5)
  A jelly (D:9)
  A centaur skeleton (D:7)
  5 hounds
  16 orc wizards
  5 iguanas
  13 orc priests
  Ijyb (D:3)
  9 worker ants
  2 killer bee zombies (D:10)
  A hound skeleton (D:7)
  A worker ant zombie (D:10)
  7 gnolls
  10 adders
  A shadow imp (D:5)
  An adder skeleton (D:8)
  An adder zombie (D:5)
  2 worms
  2 dart slugs
  10 leopard geckos
  51 orcs
  12 bats
  8 giant cockroaches
  7 goblins
  8 hobgoblins
  10 jackals
  16 kobolds
  5 quokkas
  3 ball pythons
  2 frilled lizards
  A giant cockroach zombie (D:6)
  A quokka skeleton (D:5)
  4 rats
301 creatures vanquished.

Vanquished Creatures (others)
  4 fungi (Lair:2)
  5 plants
9 creatures vanquished.

Grand Total: 310 creatures vanquished

Notes
Turn   | Place    | Note
-------+----------+-------------------------------------------
     0 | D:1      | Gumption the Troll Monk began the quest for the Orb.
     0 | D:1      | Reached XP level 1. HP: 22/22 MP: 0/0
   185 | D:1      | Reached XP level 2. HP: 28/29 MP: 1/1
   552 | D:2      | Reached XP level 3. HP: 29/36 MP: 2/2
   680 | D:2      | Reached skill level 4 in Unarmed Combat
   733 | D:2      | Noticed Terence
   910 | D:2      | Found a faded altar of an unknown god.
   951 | D:2      | Became a worshipper of Kikubaaqudgha
   951 | D:2      | Reached * piety under Kikubaaqudgha
   951 | D:2      | Identified Kikubaaqudgha's Handbook of Evil (Kikubaaqudgha
                  | gifted it to you on level 2 of the Dungeon)
   951 | D:2      | Received a gift from Kikubaaqudgha
   951 | D:2      | Reached ** piety under Kikubaaqudgha
  1029 | D:2      | Learned a level 1 spell: Pain
  1039 | D:2      | Reached XP level 4. HP: 44/44 MP: 3/3
  1250 | D:2      | Reached *** piety under Kikubaaqudgha
  1250 | D:2      | Identified Kikubaaqudgha's Almanac of Stolen Souls
                  | (Kikubaaqudgha gifted it to you on level 2 of the Dungeon)
  1250 | D:2      | Received a gift from Kikubaaqudgha
  1419 | D:3      | Noticed Ijyb
  1787 | D:3      | Reached skill level 1 in Necromancy
  1824 | D:3      | Reached XP level 5. HP: 32/53 MP: 4/4
  2259 | D:3      | Killed Ijyb
  2259 | D:3      | Reached XP level 6. HP: 55/61 MP: 4/6
  2278 | D:3      | Upgraded the game from 0.25-a0-1071-g2607d5cfa1 to
                  | 0.25-a0-1104-g1bb6b8da34
  2606 | D:4      | Learned a level 2 spell: Sublimation of Blood
  2704 | D:4      | Reached **** piety under Kikubaaqudgha
  3128 | D:4      | Reached skill level 5 in Unarmed Combat
  3128 | D:4      | Reached skill level 1 in Spellcasting
  3338 | D:4      | Found a staircase to the Ecumenical Temple.
  3347 | Temple   | Entered the Ecumenical Temple
  3519 | D:4      | Reached XP level 7. HP: 54/67 MP: 7/7
  3763 | D:4      | Found a blossoming altar of Fedhas.
  4150 | D:5      | Entered Level 5 of the Dungeon
  4300 | D:5      | Found an iron altar of Okawaru.
  5105 | D:6      | Reached XP level 8. HP: 78/78 MP: 9/9
  5111 | D:6      | Learned a level 4 spell: Dispel Undead
  5397 | D:6      | Reached skill level 6 in Unarmed Combat
  6194 | D:6      | Found a stormy altar of Qazlal.
  6544 | D:7      | Noticed an orc sorcerer
  6575 | D:7      | Got a smoking glass ring
  6577 | D:7      | Identified the ring "Tisoluats" {+Fly rF+ rCorr Str+3} (You
                  | found it on level 7 of the Dungeon)
  6679 | D:7      | Reached ***** piety under Kikubaaqudgha
  7118 | D:7      | Found a burning altar of Makhleb.
  7119 | D:7      | Reached skill level 7 in Unarmed Combat
  7172 | D:7      | Noticed a hippogriff
  7183 | D:7      | Killed a hippogriff
  7183 | D:7      | Reached XP level 9. HP: 63/85 MP: 9/11
  7191 | D:7      | Learned a level 5 spell: Borgnjor's Vile Clutch
  7244 | D:7      | Reached skill level 5 in Necromancy
  7925 | D:8      | Found a staircase to the Lair.
  7925 | D:8      | Noticed a komodo dragon
  7987 | D:8      | Killed a komodo dragon
  7987 | D:8      | Reached skill level 5 in Dodging
  7987 | D:8      | Reached skill level 8 in Unarmed Combat
  8074 | D:8      | Found a sparkling altar of Nemelex Xobeh.
  8269 | D:8      | Reached skill level 5 in Fighting
  8422 | D:8      | Found a snail-covered altar of Cheibriados.
  8422 | D:8      | Found an ornate altar of the Wu Jian Council.
  8628 | D:9      | Identified a scroll of acquirement
  8629 | D:9      | Got the amulet of Vuysukha {Spirit rPois Int+3 SInv Stlth+}
  8889 | D:9      | Noticed a two-headed ogre
  8905 | D:9      | Killed a two-headed ogre
  8905 | D:9      | Reached XP level 10. HP: 24/96 MP: 1/13
  9146 | D:9      | Found Noth's Armour Boutique.
  9614 | D:9      | Bought the +0 hat of Gestures {rElec MR+ Str+3 Dex-3} for
                  | 354 gold pieces
  9614 | D:9      | Bought a cursed +0 cloak for 22 gold pieces
  9655 | D:10     | Entered Level 10 of the Dungeon
  9908 | D:10     | Reached skill level 9 in Unarmed Combat
 10678 | D:11     | Noticed a brown ugly thing
 10680 | D:11     | Found a portal to a secret trove of treasure.
 10720 | D:10     | Killed a brown ugly thing
 10818 | Lair:1   | Entered Level 1 of the Lair of Beasts
 11000 | Lair:1   | Reached ****** piety under Kikubaaqudgha
 11000 | Lair:1   | Reached XP level 11. HP: 105/105 MP: 15/15
 11319 | Lair:1   | Reached skill level 10 in Unarmed Combat
 12169 | Lair:2   | Reached skill level 1 in Earth Magic
 12466 | Lair:2   | Noticed a four-headed hydra
 12528 | Lair:2   | HP: 4/107 [ten-headed hydra (12)]
 12528 | Lair:2   | Mangled by a ten-headed hydra

Illustrated notes

Levels and vault maps discovered:
D:1:      heliophobic_arrival_ceremonial_halls, layout_basic
D:2:      layout_loops_cross, chequers_ecumenical_altar_simple_redux,
          uniq_terence
D:3:      minmay_recursive_quarters, layout_basic, first_ration, uniq_ijyb
D:4:      layout_basic, fedhas_ov_isle_minmay,
          minmay_temple_entry_enclosed_plants
D:5:      layout_loops_ring, okawaru_gym_becter
D:6:      layout_layer_cave, overflow_temple_1_default
D:7:      cheibrodos_wizards_tower, layout_loops_corners, kennysheep_mini_moat
D:8:      layout_basic, lemuel_coloured_pillars_altar,
          gammafunk_temple_overflow_wave, david_lair_shrubbed, the_bakery,
          moated_statue
D:9:      layout_roguey, serial_shops, shop
D:10:     layout_loops_ring
D:11:     layout_roguey, serial_shops, shop, nicolae_trove_entry_path_of_doom,
          minmay_crystal_water
Temple:   regret_index_temple_waves
Lair:1:   layout_regular_city, infiniplex_staircase_pool
Lair:2:   layout_regular_city, serial_bayou_shore_a, infiniplex_staircase_pool_2

Skill      XL: |  1  2  3  4  5  6  7  8  9 10 11 |
---------------+----------------------------------+-----
Unarmed Combat | 4 5 7 8 9 10 | 10.5
Fighting       | 3 4 5 6 |  6.5
Dodging        | 3 4 5 6 |  6.5
Necromancy     | 1 2 3 4 6 7 8 |  8.2
Spellcasting   | 1 2 3 4 |  4.2
Earth Magic    | 1 |  1.4
Stealth        | |  1.0
Shields        | |  0.2

Action                   |  1- 3 |  4- 6 |  7- 9 | 10-12 || total
-------------------------+-------+-------+-------+-------++-------
Melee: Unarmed           |    92 |   187 |   327 |   341 ||   947
       Punch             |     3 |     1 |    12 |    28 ||    44
Throw: Dart              |       |    10 |    43 |    35 ||    88
       Boomerang         |       |       |     2 |       ||     2
 Cast: Pain              |       |       |     6 |     3 ||     9
  Use: Scroll            |       |    13 |    14 |     4 ||    31
       Potion            |       |       |     2 |       ||     2
 Stab: Sleeping          |     1 |     5 |     3 |     5 ||    14
  Eat: Chunk             |    15 |    22 |    49 |    31 ||   117
       Ration            |       |       |     1 |       ||     1
Armor: Robe              |    46 |    53 |    72 |     9 ||   180
       Troll leather arm |       |       |       |    69 ||    69
Dodge: Dodged            |    43 |    82 |   203 |   242 ||   570

Table legend:
 A = Non-vault XP
 B = Vault XP
 C = Vault XP percentage of total XP
 D = Non-vault monster count
 E = Vault monster count
 F = Vault count percentage of total count
                 A         B        C        D         E       F
            +---------+---------+-------+---------+---------+-------
      Total |   17387 |     645 |   3.6 |     290 |      11 |   3.7
            +---------+---------+-------+---------+---------+-------
        D:1 |      28 |       0 |   0.0 |      17 |       0 |   0.0
        D:2 |      77 |       0 |   0.0 |      23 |       0 |   0.0
        D:3 |     237 |      62 |  20.7 |      35 |       9 |  20.5
        D:4 |     495 |       0 |   0.0 |      32 |       0 |   0.0
        D:5 |     410 |       0 |   0.0 |      21 |       0 |   0.0
        D:6 |     874 |       0 |   0.0 |      24 |       0 |   0.0
        D:7 |    1248 |       0 |   0.0 |      24 |       0 |   0.0
        D:8 |    1850 |     583 |  24.0 |      21 |       2 |   8.7
        D:9 |    2076 |       0 |   0.0 |      19 |       0 |   0.0
       D:10 |    2656 |       0 |   0.0 |      38 |       0 |   0.0
     Lair:1 |    3810 |       0 |   0.0 |      18 |       0 |   0.0
     Lair:2 |    3626 |       0 |   0.0 |      18 |       0 |   0.0
            +---------+---------+-------+---------+---------+-------
